 Dungeon Crawl Stone Soup version 0.31.0-11-ge490571c62 (console) character file.

Game seed: 7145901994739434832

2483 jejorda2 the Mimic (level 9, 0/61 HPs)
             Began as a Grey Draconian Berserker on Feb 3, 2024.
             Was an Elder of Trog.
             Slain by a gnoll sergeant
             ... wielding a +1 heavy spear
              (5 damage)
             ... on level 7 of the Dungeon.
             The game lasted 00:14:01 (5215 turns).

jejorda2 the Mimic (Grey Draconian Berserker)       Turns: 5215, Time: 00:14:02

Health: 0/61       AC: 13    Str: 24    XL:     9   Next: 27%
Magic:  9/9        EV: 12    Int:  7    God:    Trog [****..]
Gold:   263        SH:  0    Dex: 11    Spells: 8/8 levels left

rFire   . .          .
                       - Unarmed
rCold   . . .        (shield currently unavailable)
rNeg    . . .        (body armour unavailable)
rPois   .            (helmet restricted)
rElec   .            h - +0 cloak
rCorr   .            (gloves currently unavailable)
SInv    .            (no boots)
Will    .....        b - amulet of regeneration
Stlth   +            (no ring)
HPRegen 1.10/turn    (no ring)
MPRegen 0.11/turn

%: no passive effects
@: blade hands
A: reduced hp, AC +12, amphibious, unfitting armour, cold-blooded
a: Begin Untransformation, Renounce Religion, Berserk, Trog's Hand, Brothers in
Arms


You were on level 7 of the Dungeon.
You worshipped Trog.
Trog was greatly pleased with you.
You had blades for hands.
You visited 1 branch of the dungeon, and saw 7 of its levels.
You also visited: Sewer.

You collected 263 gold pieces.

Inventory:

Missiles
 j - 2 datura-tipped darts (quivered)
 n - 4 poisoned darts
 t - 6 darts of dispersal
Armour
 h - a +0 cloak (worn)
Jewellery
 b - an amulet of regeneration (around neck)
 q - a ring of ice
 r - a ring of ice
Talismans
 g - a blade talisman (active)
Scrolls
 e - 2 scrolls of blinking
Potions
 c - a potion of might
 f - a potion of ambrosia {unknown}
 i - a potion of mutation
 k - 2 potions of curing
 l - 3 potions of heal wounds
 m - 2 potions of cancellation
 o - 3 potions of haste


   Skills:
 - Level 6.0 Fighting
 - Level 2.6 Dodging
 + Level 8.1 Unarmed Combat
 * Level 8.2 Shapeshifting


You had 8 spell levels left.
You didn't know any spells.
Your spell library was empty.

Dungeon Overview and Level Annotations

Branches:
Dungeon (6/15)             Temple (0/1) D:4           Sewer (visited)

Altars:
Xom
The Shining One


Innate Abilities, Weirdness & Mutations

You have blades for hands.
Your maximum health is decreased, since you lack skill for your form.
You are incapable of wielding weapons or throwing items.
Your dull iron-grey scales are very hard. (AC +12)
You are amphibious.
You cannot fit into any form of body armour.
You are cold-blooded and may be slowed by cold attacks.


Message History

Anything else - Cancel.
You shout for attention!
The gnoll sergeant shouts!
You hit the steam dragon.
The steam dragon is lightly wounded.
The steam dragon breathes steam at you. The ball of steam hits you.
The gnoll hits you from afar with a +0 spear.
You hear a shout!
You hit the steam dragon.
The steam dragon is moderately wounded.
You are engulfed in a cloud of scalding steam.
The steam dragon bites you but does no damage.
The steam dragon claws you but does no damage.
The gnoll hits you from afar with a +0 spear.
You closely miss the steam dragon. You tail-slap the steam dragon.
The steam dragon is heavily wounded.
You are engulfed in a cloud of scalding steam.
The steam dragon bites you.
The steam dragon claws you but does no damage.
The gnoll closely misses you.
You barely miss the steam dragon.
The steam dragon is heavily wounded.
You are engulfed in a cloud of scalding steam.
The steam dragon bites you. The steam dragon closely misses you.
You hit the steam dragon.
The steam dragon is heavily wounded.
The steam dragon breathes steam at you. The ball of steam hits you!!
* * * LOW HITPOINT WARNING * * *
You hear a shout!
You slash the steam dragon!
You kill the steam dragon!
Trog accepts your kill.
You are engulfed in a cloud of scalding steam.
* * * LOW HITPOINT WARNING * * *
The gnoll hits you from afar with a +0 spear.
* * * LOW HITPOINT WARNING * * *
A gnoll comes into view. It is wielding a +0 flail.
The gnoll sergeant hits you with a +1 heavy spear.
You die...

#.# #.# #.# #.# #.#
#.# ##.##########
#.###....§§§.§@.#
#......########g#
######.########g#
#...........g...D.#
#.##########$.......
#.# #..#...##
######.# #..##.##
.......# #..# .#
######.# #..# .


You could see a gnoll sergeant and 2 gnolls.

Vanquished Creatures
  Pikel (D:5)
  4 yaks (D:5)
  A steam dragon (D:7)
  Menkaure (D:5)
  4 ogres
  A lemure (D:5)
  A scorpion (D:6)
  The ghost of Biggs the Ruffian, a weakling TrBe of Trog (D:3)
  A crimson imp (D:4)
  2 bombardier beetles
  4 orc priests
  A jelly (D:4)
  2 iguanas
  A sleepcap (D:4)
  3 orc wizards
  5 adders
  8 river rats
  6 white imps
  2 ufetubi (D:5)
  5 dart slugs
  A ribbon worm (D:2)
  12 orcs
  3 endoplasms
  7 giant cockroaches
  7 goblins
  9 hobgoblins
  4 jackals (D:2)
  23 kobolds
  9 quokkas
  14 ball pythons
  5 bats
  2 frilled lizards (D:2)
  A goblin skeleton (D:5)
  3 goblin zombies (D:5)
  A hobgoblin zombie (D:5)
  2 kobold skeletons (D:5)
  A kobold zombie (D:5)
  An orc skeleton (D:5)
  An orc zombie (D:5)
  20 rats
180 creatures vanquished.

Vanquished Creatures (collateral kills)
  A hobgoblin (D:4)
1 creature vanquished.

Grand Total: 181 creatures vanquished

Notes
Turn   | Place    | Note
-------+----------+-------------------------------------------
     0 | D:1      | jejorda2 the Draconian Berserker began the quest for the
                  | Orb.
     0 | D:1      | Reached XP level 1. HP: 19/19 MP: 1/1
    84 | D:1      | Reached XP level 2. HP: 26/26 MP: 2/2
    98 | D:1      | Reached skill level 1 in Shapeshifting
   840 | D:2      | Reached XP level 3. HP: 31/31 MP: 3/3
   926 | D:2      | Reached ** piety under Trog
  1277 | D:2      | Reached XP level 4. HP: 40/40 MP: 4/4
  2042 | D:3      | Noticed Biggs's ghost (weakling TrBe)
  2051 | D:3      | Found a runed translucent door.
  2066 | D:3      | Killed Biggs's ghost
  2067 | D:3      | Reached XP level 5. HP: 46/46 MP: 5/5
  2272 | D:4      | Found a staircase to the Ecumenical Temple.
  2340 | D:4      | Noticed an ogre
  2349 | D:4      | Killed an ogre
  2361 | D:4      | Reached XP level 6. HP: 38/53 MP: 6/6
  2438 | D:4      | Reached skill level 5 in Unarmed Combat
  2444 | D:4      | Found a glowing drain.
  2456 | Sewer    | Entered a sewer
  2547 | Sewer    | Reached *** piety under Trog
  2970 | Sewer    | Identified the +3 leather armour "Orhynet" {Harm rF+ Int-3}
  3051 | Sewer    | Reached **** piety under Trog
  3335 | D:5      | Entered Level 5 of the Dungeon
  3432 | D:5      | Your scales start taking on a dull iron-grey colour.
  3432 | D:5      | Reached XP level 7. HP: 55/60 MP: 7/7
  3479 | D:5      | Noticed Menkaure
  3501 | D:5      | Killed Menkaure
  3502 | D:5      | Reached skill level 5 in Fighting
  3686 | D:4      | Identified the +4 mace of Xoebuwk {drain, rN+ Str+3 Int+3}
  4189 | D:5      | Reached skill level 5 in Shapeshifting
  4373 | D:5      | Found a glowing golden altar of the Shining One.
  4381 | D:5      | Reached XP level 8. HP: 36/69 MP: 8/8
  4686 | D:5      | Noticed Pikel
  4696 | D:5      | Killed Pikel
  4697 | D:5      | Reached XP level 9. HP: 57/75 MP: 9/9
  5078 | D:6      | Found a shimmering altar of Xom.
  5151 | D:6      | You fall into a shaft and drop 1 floor!
  5215 | D:7      | Slain by a gnoll sergeant

Illustrated notes

Levels and vault maps discovered:
D:1:      wander_arrival_lonely_grave, layout_loops_ring
D:2:      layout_basic, lexackson_kobold_supper
D:3:      layout_loops_ring, hellmonk_ghost_happy_afterlife
D:4:      layout_loops_cross, minmay_temple_entry_poolview,
          gup_sewer_entry_bubbles, hex_medium, minmay_fire_ice_demons
D:5:      nicolae_cairo_tiling, layout_basic, nicolae_tso_besieged_by_evil,
          chequers_serial_rivers_large_b, minmay_misc_feat_plants,
          uniq_menkaure, uniq_pikel
D:6:      layout_basic, dk_xom_monty_hall, old_standard_altar,
          nicolae_shop_sticking_my_neck_out, uniq_duvessa
D:7:      layout_loops_ring, amethyst_overflow_temple_binary, nicolae_beast_mode

Skill      XL: |  1  2  3  4  5  6  7  8  9 |
---------------+----------------------------+-----
Shapeshifting  | 1 2 3 4 5 7 8 |  8.2
Unarmed Combat | 4 5 6 7 8 |  8.1
Fighting       | 4 5 6 |  6.0
Dodging        | |  2.6

Action                     |  1- 3 |  4- 6 |  7- 9 || total
---------------------------+-------+-------+-------++-------
  Melee: Unarmed           |   126 |   234 |   155 ||   515
         Tailslap          |    15 |    28 |    27 ||    70
         Punch             |     1 |     5 |     1 ||     7
 Invoke: Berserk           |       |     4 |     5 ||     9
         Trog's Hand       |       |     3 |     1 ||     4
    Use: Scroll            |       |    15 |     5 ||    20
   Stab: Sleeping          |     1 |       |       ||     1
 Armour: Skin              |    60 |   123 |    78 ||   261
  Dodge: Dodged            |    61 |   169 |    46 ||   276
   Form: Blade             |     1 |       |     1 ||     2
                           |     1 |       |       ||     1
